 Dungeon Crawl Stone Soup version 0.16-a0-324-g99bef82 (webtiles) character file.

74 PolkaDot the Caller (level 4, 0/30 HPs)
             Began as a Vampire Summoner on Sept 3, 2014.
             Killed from afar by an orc wizard (5 damage)
             ... with a magic dart
             ... on Level 3 of the Dungeon.
             The game lasted 00:11:59 (2711 turns).

PolkaDot the Caller (Vampire Summoner)              Turns: 2711, Time: 00:11:59

HP   0/30        AC  3     Str  7      XL: 4   Next: 10%
MP   7/7         EV 18     Int 18      God:
Gold 78          SH  0     Dex 19      Spells:  3 memorised,  1 level left

rFire  . . .     SeeInvis +     u - +0 halberd
rCold  . . .     Clarity  .     a - +0 robe
rNeg   . . .     rCorr    .     (no shield)
rPois  .         rRot     .     (no helmet)
rElec  .         Spirit   .     (no cloak)
SustAb .         Warding  .     (no gloves)
rMut   .         Stasis   .     f - +0 pair of boots
Gourm  .                        (no amulet)
MR     .....                    (no ring)
                                (no ring)

@: agile, very slightly contaminated, regenerating quickly, hasted, very quick,
not resistant to hostile enchantments, stealthy
A: fangs 3, see invisible, unbreathing
a: no special abilities


You were on level 3 of the Dungeon.
You were very full.

You visited 1 branch of the dungeon, and saw 3 of its levels.

You collected 78 gold pieces.

Inventory:

Hand weapons
 u - a +0 halberd (weapon)
Missiles
 d - 130 stones (quivered)
 o - 15 javelins
 t - a throwing net
Armour
 a - a +0 robe (worn)
 f - a +0 pair of boots (worn)
Scrolls
 i - 4 scrolls of remove curse {unknown}
 j - 5 scrolls of identify {unknown}
 k - a scroll of immolation {unknown}
 l - 2 scrolls of teleportation {unknown}
 m - a scroll of fear {unknown}
 s - a scroll of enchant armour {unknown}
Potions
 c - a potion of cancellation {unknown}
 e - a potion of agility
 g - a potion of haste
 h - a potion of magic
 n - 2 potions of berserk rage {unknown}
 p - a potion of poison {unknown}
 q - a potion of restore abilities {unknown}
 r - a potion of heal wounds {unknown}
Books
 b - a book of Callings

   Spells                             Type                      Level
   *Summon Small Mammal               Summoning                    1
   *Call Imp                          Summoning                    2
   *Call Canine Familiar              Summoning                    3
   Summon Guardian Golem              Hexes/Summoning              4
   Summon Lightning Spire             Summoning/Air                4
   Summon Ice Beast                   Ice/Summoning                4


   Skills:
 + Level 0.0 Polearms
 - Level 1.4 Throwing
 - Level 2.1 Dodging
 - Level 3.0 Stealth
 - Level 2.0 Spellcasting
 * Level 5.2 Summonings


You had one spell level left.
You knew the following spells:

 Your Spells              Type           Power        Failure   Level  Hunger
a - Summon Small Mammal   Summ           ###.         1%          1    #......
d - Call Canine Familiar  Summ           ###.....     10%         3    ####...
s - Call Imp              Summ           ###.....     3%          2    ##.....


Dungeon Overview and Level Annotations

Branches:
Dungeon (3/15)

Altars:
Vehumet


Innate Abilities, Weirdness & Mutations

Your natural rate of healing is unusually fast.
You have razor-sharp teeth.
You have supernaturally acute eyesight.
You can survive without breathing.


Message History

The orc wizard hits you with a dagger.
* * * LOW HITPOINT WARNING * * *
Your hound closely misses the orc wizard.
Drink which item? (? for menu, Esc to quit)
You feel agile all of a sudden.
It was a potion of agility.
The orc wizard misses you. The orc barely misses you.
Your hound bites the orc wizard.
Drink which item? (? for menu, Esc to quit)
You feel yourself speed up.
It was a potion of haste.
The orc wizard completely misses you.
Your hound misses the orc wizard. The orc hits you with a falchion.
* * * LOW HITPOINT WARNING * * *
The orc wizard closely misses you.
Your hound closely misses the orc wizard.
You are very lightly contaminated with residual magic.
Drink which item? (? for menu, Esc to quit)
Magic courses through your body.
It was a potion of magic.
The orc wizard points at you and mumbles some strange words.
The magic dart hits you!
You die...

# #....#.......# .
#....#.......########
.
'....'...............
. #.......########
#######.......#
###.............#
................#
.................#
.......)@h.......#
.......o#o.......#
.......#...##+#.#
............. #.#
..............#.#
.............#
#####.........
#......#. ########


You could see an orc wizard, an orc and a friendly hound.

Vanquished Creatures
  A gnoll (D:3)
  A worm (D:3)
  A giant gecko (D:2)
  2 giant cockroaches (D:3)
  3 goblins
  5 hobgoblins
  2 jackals (D:1)
  A kobold (D:2)
  A quokka (D:2)
  5 bats
  A giant newt (D:1)
  6 rats
29 creatures vanquished.

Vanquished Creatures (collateral kills)
  An adder (D:2)
  2 gnolls (D:3)
  A giant mite (D:1)
  A worm (D:2)
  An orc (D:3)
  A goblin (D:3)
  A hobgoblin (D:1)
  2 jackals (D:1)
  A kobold (D:1)
  5 bats
  4 giant cockroaches
  A rat (D:1)
21 creatures vanquished.

Vanquished Creatures (others)
  A hound (D:2)
1 creature vanquished.

Grand Total: 51 creatures vanquished

Notes
Turn   | Place    | Note
--------------------------------------------------------------
     0 | D:1      | PolkaDot, the Vampire Summoner, began the quest for the Orb.
     0 | D:1      | Reached XP level 1. HP: 13/13 MP: 3/3
   386 | D:1      | Reached XP level 2. HP: 19/19 MP: 4/4
   396 | D:1      | Learned a level 2 spell: Call Imp
  1387 | D:2      | Reached XP level 3. HP: 15/24 MP: 6/6
  1390 | D:2      | Reached skill level 1 in Throwing
  1399 | D:2      | Learned a level 3 spell: Call Canine Familiar
  1594 | D:2      | Found a radiant altar of Vehumet.
  2301 | D:3      | Reached skill level 5 in Summonings
  2538 | D:3      | Reached XP level 4. HP: 22/30 MP: 1/7
  2711 | D:3      | Killed from afar by an orc wizard

Action                   |  1- 3 |  4- 6 || total
-------------------------+-------+-------++-------
Melee: Unarmed           |    70 |       ||    70
       Halberd           |       |     5 ||     5
Throw: Stone             |   186 |       ||   186
 Cast: Summon Small Mamm |    21 |       ||    21
       Call Imp          |    12 |       ||    12
       Call Canine Famil |     2 |       ||     2
  Use: Potion            |     1 |     3 ||     4
 Stab: Distracted        |     1 |       ||     1
       Sleeping          |     1 |       ||     1
  Eat: Corpse            |    16 |     3 ||    19
